 Dungeon Crawl Stone Soup version 0.30.1-9-gdf580d7c3d (webtiles) character file.

Game seed: 1922870938227429123

3672 monsoonserge the Basher (level 10, -2/86 HPs)
             Began as a Meteoran Monk on Oct 18, 2023.
             Was a Believer of Qazlal.
             Slain by an orc warrior
             ... wielding a +0 war axe
              (18 damage)
             ... in a bailey.
             The game lasted 00:23:25 (3793 turns).

monsoonserge the Basher (Meteoran Monk)             Turns: 3793, Time: 00:23:26

Health: -2/86      AC: 16    Str: 16    XL:     10   Next: 60%
Magic:  13/13      EV: 10    Int: 11    God:    Qazlal [**....]
Gold:   369        SH:  3    Dex: 19    Spells: 9/9 levels left

rFire   + + .        p - +7 great mace "Undeadhunter" {deathbane, rN+}
rCold   . . .        (shield currently unavailable)
rNeg    + + .        B - +1 chain mail {rF+}
rPois   .            s - +0 helmet
rElec   .            a - +1 cloak
rCorr   .            (no gloves)
SInv    .            w - +0 pair of boots
Will    +....        (no amulet) Stlth
                     P - ring of protection from fire
HPRegen 0.34/turn    R - ring of positive energy
MPRegen 0.13/turn

%: no passive effects
@: glowing
A: sense surroundings 2, otherworldly, glowing, explore regen
a: Renounce Religion, Upheaval


You were in a bailey.
You worshipped Qazlal.
Qazlal was pleased with you.
You visited 2 branches of the dungeon, and saw 9 of its levels.
You also visited: Bailey.

You collected 369 gold pieces.

Inventory:

Hand Weapons
 p - the +7 great mace "Undeadhunter" (weapon) {deathbane, rN+}
   (You found it on level 2 of the Dungeon)

   rN:        It protects you from negative energy.
Missiles
 j - 3 throwing nets
 n - 12 poisoned darts (quivered)
 v - 5 curare-tipped darts
 y - 11 boomerangs
 G - 4 silver boomerangs
 J - 3 atropa-tipped darts
Armour
 a - a +1 cloak (worn)
 s - a +0 helmet (worn)
 w - a +0 pair of boots (worn)
 B - a +1 chain mail of fire resistance (worn)
Jewellery
 P - a ring of protection from fire (left hand)
 R - a ring of positive energy (right hand)
Wands
 L - a wand of acid (6)
 O - a wand of flame (10)
Scrolls
 e - a scroll of noise {unknown}
 g - 3 scrolls of blinking {unknown}
 m - 2 scrolls of summoning
 o - 2 scrolls of brand weapon
 t - a scroll of poison {unknown}
 E - a scroll of fog {unknown}
 F - 2 scrolls of teleportation
 I - 2 scrolls of magic mapping
 Q - a scroll of torment
Potions
 c - a potion of ambrosia
 f - 3 potions of heal wounds
 k - 3 potions of curing {unknown}
 l - 2 potions of haste
 q - 2 potions of attraction
 x - 2 potions of mutation
 z - 3 potions of resistance {unknown}
 K - a potion of brilliance {unknown}
 M - a potion of cancellation {unknown}


   Skills:
 + Level 7.3 Fighting
 - Level 4.4 Long Blades
 + Level 13.5 Maces & Flails
 + Level 6.2 Armour
 + Level 5.4 Dodging
 + Level 0.3 Stealth
 + Level 0.1 Shields
 * Level 3.1 Invocations
 + Level 1.0 Evocations


You had 9 spell levels left.
You didn't know any spells.
Your spell library contained the following spells:

 Spells                   Type           Power      Damage    Failure   Level
 Freeze                   Ice            0%         1d3       98%         1
 Magic Dart               Conj           0%         1d3       98%         1
 Cigotuvi's Dreadful Rot  Necr/Pois/Air  0%         N/A       99%         2
 Searing Ray              Conj           0%         2d4       99%         2
 Frozen Ramparts          Ice            0%         1d1       100%        3
 Hailstorm                Conj/Ice       0%         3d3       100%        3
 Dispel Undead            Necr           0%         3d6       100%        4
 Fulminant Prism          Conj/Hex       0%         3d5       100%        4
 Death Channel            Necr           0%         N/A       100%        6


Dungeon Overview and Level Annotations

Branches:
Dungeon (8/15) Zot: 1052   Temple (1/1) D:7 Zot: 549  Bailey (1/1) Zot: 489
   Lair: D:8-11

Altars:
Ashenzari
Cheibriados
Dithmenos
Fedhas
Gozag
Hepliaklqana
Makhleb
Nemelex Xobeh
Okawaru
Qazlal
Ru
Sif Muna
Trog
Uskayaw
Vehumet
Wu Jian
Xom
Yredelemnul
Zin
The Shining One

Shops:
D:2 :!   D:3 :


Innate Abilities, Weirdness & Mutations

You passively map the area around you.
You are easily found by Zot.
You glow in the dark.
You regain HP and MP as you explore.


Message History

The orc warrior is heavily wounded.
The orc knight hits you but does no damage.
You thump the orc knight!
The orc knight is heavily wounded.
You closely miss the orc knight.
The orc knight is heavily wounded.
The orc knight hits you but does no damage.
The orc warrior closely misses you.
You sock the orc knight!
The orc knight is severely wounded.
The orc knight is engulfed in freezing vapours.
The orc knight hits you with a +0 war axe!
The orc warrior hits you with a +0 war axe!
The orc warrior barely misses you.
Unknown command.
You barely miss the orc knight.
The orc knight is severely wounded.
The orc knight is engulfed in freezing vapours.
You kill the orc knight!
Qazlal accepts your kill. You block the orc warrior's attack.
The orc warrior hits you with a +0 war axe!
Your Maces & Flails skill increases to level 13!
Your Armour skill increases to level 6!
Your Invocations skill increases to level 3!
You bludgeon the orc warrior!!
You kill the orc warrior!
Qazlal accepts your kill.
The orc warrior hits you with a +0 war axe!
* * * LOW HITPOINT WARNING * * *
Unknown command.
You bludgeon the orc warrior!!
The orc warrior is severely wounded.
The orc warrior hits you with a +0 war axe!
* * * LOW HITPOINT WARNING * * *
Unknown command.
You hit the orc warrior but do no damage.
The orc warrior is severely wounded.
The orc warrior hits you with a +0 war axe!!
You die...

#....~~.......~~....#
#.###~~.......~~###.#
#....~~.......~~....#
#.###~~.......~~###.#
#....~~.......~~....#
#.###~~.......~~###.#
#....~~.......~~....#
#####~~....).§~~#####
##~....)@.~##
####''o#### #....,**
#∩?... * #...8.
##..(. * ###+# * ** ,
* , *


You could see an orc warrior (strong).

Vanquished Creatures
  An orc knight (Bailey)
  Sigmund (D:6)
  4 sky beasts
  An ice beast (D:8)
  3 black bears
  2 orc warriors
  3 ogres
  2 centaurs
  A phantom (D:4)
  4 kobold brigands
  5 scorpions
  2 bullfrogs
  8 killer bees (D:8)
  3 hounds
  Crazy Yiuf (D:3)
  4 orc priests
  3 iguanas
  3 orc wizards (D:5)
  3 gnolls (D:3)
  12 adders
  A shadow imp (D:5)
  2 white imps
  2 worms (D:2)
  2 dart slugs
  18 orcs
  6 ball pythons
  2 bats (D:2)
  An endoplasm (D:1)
  4 giant cockroaches
  5 goblins
  7 hobgoblins
  4 jackals (D:2)
  16 kobolds
  A quokka (D:1)
  A frilled lizard (D:1)
  A rat (D:2)
139 creatures vanquished.

Notes
Turn   | Place    | Note
-------+----------+-------------------------------------------
     0 | D:1      | monsoonserge the Meteoran Monk began the quest for the Orb.
     0 | D:1      | Reached XP level 1. HP: 19/19 MP: 2/2
   398 | D:1      | Reached XP level 2. HP: 17/26 MP: 3/3
   543 | D:1      | Reached XP level 3. HP: 31/31 MP: 4/4
   641 | D:2      | Found Mecor's Book Shoppe.
   680 | D:2      | Found the +7 great mace "Undeadhunter" {deathbane, rN+}
   725 | D:2      | Reached XP level 4. HP: 29/40 MP: 5/5
   736 | D:2      | Reached skill level 1 in Maces & Flails
   842 | D:2      | Found a faded altar of an unknown god.
   951 | D:2      | Reached XP level 5. HP: 41/46 MP: 6/6
   952 | D:2      | Reached skill level 2 in Maces & Flails
   958 | D:2      | Found Gyung's Distillery.
  1074 | D:2      | Glimpsed the power of Zot.
  1293 | D:3      | Found a glowing golden altar of the Shining One.
  1299 | D:3      | Found an opulent altar of Gozag.
  1301 | D:3      | Found a hide-covered altar of Uskayaw.
  1302 | D:3      | Found a sacrificial altar of Ru.
  1311 | D:3      | Found a snail-covered altar of Cheibriados.
  1432 | D:4      | Reached skill level 3 in Maces & Flails
  1485 | D:4      | Reached XP level 6. HP: 34/53 MP: 7/7
  1622 | D:4      | Noticed a centaur
  1629 | D:4      | Killed a centaur
  1630 | D:4      | Reached skill level 4 in Maces & Flails
  1667 | D:3      | Found Jeoczura's Book Boutique.
  1741 | D:3      | Found a runed translucent door.
  1742 | D:3      | Noticed Crazy Yiuf
  1751 | D:3      | Killed Crazy Yiuf
  1752 | D:3      | Reached XP level 7. HP: 36/60 MP: 6/8
  1838 | D:3      | Reached skill level 5 in Fighting
  1907 | D:4      | Reached skill level 1 in Armour
  1908 | D:4      | Reached skill level 5 in Dodging
  1957 | D:4      | Reached skill level 5 in Maces & Flails
  2098 | D:5      | Entered Level 5 of the Dungeon
  2112 | D:4      | Reached skill level 6 in Maces & Flails
  2297 | D:5      | Reached XP level 8. HP: 69/69 MP: 9/9
  2352 | D:5      | Reached skill level 7 in Maces & Flails
  2435 | D:5      | Reached skill level 8 in Maces & Flails
  2541 | D:6      | Noticed Sigmund
  2676 | D:6      | Killed Sigmund
  2677 | D:6      | Reached skill level 9 in Maces & Flails
  2677 | D:6      | Reached skill level 1 in Evocations
  2677 | D:6      | Gained mutation: You passively map the area around you.
                  | [Meteoran growth]
  2677 | D:6      | Reached XP level 9. HP: 50/75 MP: 10/10
  2831 | D:6      | Reached skill level 10 in Maces & Flails
  3090 | D:7      | Reached skill level 5 in Armour
  3098 | D:7      | Reached skill level 11 in Maces & Flails
  3245 | D:7      | Reached XP level 10. HP: 75/84 MP: 11/11
  3333 | D:7      | Found a staircase to the Ecumenical Temple.
  3344 | Temple   | Entered the Ecumenical Temple
  3359 | Temple   | Became a worshipper of Qazlal Stormbringer
  3359 | Temple   | Reached * piety under Qazlal
  3359 | Temple   | Reached ** piety under Qazlal
  3499 | D:8      | Found a flagged portal.
  3536 | D:8      | Reached skill level 1 in Invocations
  3539 | D:8      | Reached skill level 12 in Maces & Flails
  3698 | Bailey   | Entered a bailey
  3783 | Bailey   | Noticed an orc knight
  3790 | Bailey   | Killed an orc knight
  3791 | Bailey   | Reached skill level 13 in Maces & Flails
  3793 | Bailey   | Slain by an orc warrior

Illustrated notes

Levels and vault maps discovered:
D:1:      dpeg_arrival_water_fire, layout_loops_ring, minmay_heptomino_d4
D:2:      layout_basic, serial_shops, shop, shop,
          chequers_ecumenical_altar_twisty, minmay_vboxes
D:3:      layout_basic, nicolae_overflow_hallway_of_the_gods, serial_shops,
          shop, uniq_crazy_yiuf_cottage
D:4:      layout_rooms, minivault_5
D:5:      layout_cave_pools
D:6:      layout_loops_corners, uniq_sigmund
D:7:      layout_cave_pools, temple_hall, nicolae_figureground_pulse
D:8:      layout_loops_ring, enter_bailey_8, st_stairs_12, nicolae_two_hexagons,
          chequers_serial_rivers_micro_e, eino_tiny_chamber,
          minmay_misc_feat_alley
Temple:   hellmonk_temple_two_chambers
Bailey:   bailey_axe_3, bailey

Skill      XL: |  1  2  3  4  5  6  7  8  9 10 |
---------------+-------------------------------+-----
Long Blades    | 4 |  4.4
Dodging        | 4 5 |  5.4
Maces & Flails | 1 3 4 6 9 11 13 | 13.5
Fighting       | 4 5 6 7 |  7.3
Armour         | 2 3 5 6 |  6.2
Evocations     | 1 |  1.0
Invocations    | 3 |  3.1
Stealth        | |  0.3
Shields        | |  0.1

Action                     |  1- 3 |  4- 6 |  7- 9 | 10-12 || total
---------------------------+-------+-------+-------+-------++-------
  Melee: Falchion          |    49 |       |       |       ||    49
         Great mace        |     5 |    82 |   136 |    71 ||   294
  Throw: Dart              |       |       |     1 |       ||     1
  Evoke: Wand              |       |       |       |     2 ||     2
    Use: Scroll            |       |       |       |    11 ||    11
 Armour: Robe              |     9 |     9 |       |       ||    18
         Scale mail        |       |    16 |    10 |       ||    26
         Chain mail        |       |       |   115 |    37 ||   152
  Dodge: Dodged            |    46 |    85 |    60 |    42 ||   233
  Block: Other             |       |       |       |     7 ||     7
